 Dungeon Crawl Stone Soup version 0.29-a0-398-ge13fd1374b (webtiles) character file.

Game seed: 1407443238449790037

48 Sweetruy1997 the Skirmisher (level 3, 0/29 HPs)
             Began as a Demonspawn Chaos Knight on May 12, 2022.
             Was a Plaything of Xom.
             Frozen to death by an endoplasm (2 damage)
             ... on level 2 of the Dungeon.
             The game lasted 00:02:37 (1424 turns).

Sweetruy1997 the Skirmisher (DsCK)                  Turns: 1424, Time: 00:02:37

Health: 0/29       AC:  4    Str: 12    XL:     3   Next: 50%
Magic:  3/3        EV: 11    Int: 13    God:    Xom [..*...]
Gold:   97         SH:  0    Dex: 14    Spells: 2/2 levels left

rFire   . . .      SeeInvis .   a - +0 hand axe (chaos)
rCold   . . .      Faith    .   (no shield)
rNeg    . . .      Spirit   .   d - +1 leather armour {Will+}
rPois   .          Reflect  .   (no helmet)
rElec   .          Harm     .   (no cloak)
rCorr   .          Rampage  .   (no gloves)
Will    +....                   (no boots)
Stlth   +.........              (no amulet)
HPRegen 0.09/turn               (no ring)
MPRegen 0.08/turn               (no ring)

@: lethally poisoned (0 -> -1)
A: hooves 1
a: Renounce Religion


You were on level 2 of the Dungeon.
You worshipped Xom.
You were a toy of Xom.
You visited 1 branch of the dungeon, and saw 2 of its levels.

You collected 97 gold pieces.

Inventory:

Hand Weapons
 a - a +0 hand axe of chaos (weapon)
Armour
 d - a +1 leather armour of willpower (worn)
Scrolls
 b - a scroll of silence {unknown}
 f - a scroll of noise {unknown}
Potions
 e - a potion of degeneration {unknown}
 g - a potion of curing {unknown}
 h - 2 potions of mutation {unknown}
Miscellaneous
 c - a piece from Xom's chessboard (4/15) (quivered)


   Skills:
 + Level 3.4 Fighting
 + Level 3.2 Axes
 - Level 2.0 Armour
 + Level 1.2 Dodging
 + Level 0.7 Stealth
 + Level 0.6 Evocations


You had 2 spell levels left.
You didn't know any spells.
Your spell library contained the following spells:

 Spells                   Type           Power      Damage    Failure   Level
 Freeze                   Ice            0%         1d3       36%         1
 Frozen Ramparts          Ice            0%         1d2       75%         3
 Hailstorm                Conj/Ice       0%         3d3       98%         4


Dungeon Overview and Level Annotations

Branches:
Dungeon (2/15)

Altars:


Innate Abilities, Weirdness & Mutations

You have large cloven feet.


Message History

You feel sick. The adder misses you. The adder bites you.
You are more poisoned.
The adder poisons you!
You miss the adder. You kick the adder.
The adder is almost dead.
You feel sick. The adder bites you.
You are more poisoned.
The adder poisons you!
You barely miss the adder.
The adder is almost dead.
You feel very sick. The adder closely misses you.
The adder bites you but does no damage.
You hit the adder. You burn the adder.
You kill the adder!
You feel very sick. The jackal closely misses you.
Your piece from Xom's chessboard (6/15) has regained one charge.
You make a move on Xom's chessboard...
The jackal struggles to resist.
You feel sick. The jackal closely misses you.
You hit the jackal but do no damage. You kick the jackal.
The jackal is severely wounded.
You feel sick. The jackal bites you.
* * * LOW HITPOINT WARNING * * *
The jackal bites you.
* * * LOW HITPOINT WARNING * * *
You make a move on Xom's chessboard...
The jackal twists and deforms.
* * * LOW HITPOINT WARNING * * *
You feel sick.
The jackal bites you but does no damage.
You hit the jackal but do no damage.
The jackal resists with some effort.
You kick the jackal.
You kill the jackal!
* * * LOW HITPOINT WARNING * * *
You feel sick.
You hit the endoplasm.
The endoplasm flickers and vanishes!
Deactivating autopickup; reactivate with Ctrl-A.
* * * LOW HITPOINT WARNING * * *
You feel sick.
You are frozen.
You die... "What!?
That's it?"

#.#. #.........# #†
#$#.# #.........# #.
#..... #.........#####.
#..... #.....>.........
......###............⌠..
###.....#.######........
..........# ######⌠._
##.###.### #... #@# #..⌠
#{# #... #.# #... ..#
#... ... ...# ...# #....


There were no monsters in sight!

Vanquished Creatures
  An adder (D:2)
  7 ball pythons
  2 endoplasms (D:1)
  3 giant cockroaches (D:1)
  2 goblins (D:1)
  7 hobgoblins (D:1)
  4 jackals (D:2)
  2 bats (D:1)
  3 frilled lizards (D:1)
  4 kobolds (D:1)
35 creatures vanquished.

Notes
Turn   | Place    | Note
-------+----------+-------------------------------------------
     0 | D:1      | Sweetruy1997 the Demonspawn Chaos Knight began the quest
                  | for the Orb.
     0 | D:1      | Reached XP level 1. HP: 18/18 MP: 1/1
    99 | D:1      | Reached skill level 1 in Dodging
   343 | D:1      | Gained mutation: You have large cloven feet. [demonic
                  | ancestry]
   343 | D:1      | Reached XP level 2. HP: 18/24 MP: 2/2
  1079 | D:1      | XOM: divination: detect creatures
  1082 | D:1      | Reached XP level 3. HP: 25/29 MP: 3/3
  1381 | D:2      | Found a faded altar of an unknown god.
  1424 | D:2      | Frozen to death by an endoplasm

Illustrated notes

Levels and vault maps discovered:
D:1:      dpeg_arrival_signposts, layout_basic, minmay_misc_feat_pillars,
          minmay_close_crescents
D:2:      layout_basic, hellmonk_ecumenical_altar_run_dry, uniq_terence

Skill      XL: |  1  2 |
---------------+-------+-----
Dodging        | 1 |  1.2
Axes           | 3 |  3.2
Armour         | 2 |  2.0
Fighting       | |  3.4
Stealth        | |  0.7
Evocations     | |  0.6

Action                   || total
-------------------------++-------
Melee: Hand axe          ||    91
       Punch             ||     1
       Kick              ||    16
Evoke: Piece from Xom's  ||    12
 Stab: Petrified         ||     4
       Sleeping          ||     1
Armor: Leather armour    ||    22
Dodge: Dodged            ||    57

Table legend: (Time is in decaauts)
 A = Elapsed time spent in this place.
 B = Non-inter-level travel time spent in this place.
 C = Inter-level travel time spent in this place.
 D = Time resting spent in this place.
 E = Time spent auto-exploring this place.
 F = Levels seen in this place.
 G = Mean time per level.
                   A        B        C        D        E       F      G
               +--------+--------+--------+--------+--------+-----+--------+
         Total |   1437 |   1412 |     25 |     48 |   1155 |   2 |  718.5 |
       Dungeon |   1437 |   1412 |     25 |     48 |   1155 |   2 |  718.5 |
               +--------+--------+--------+--------+--------+-----+--------+

Top non-repeatable levels by time:
     D:1: 1375 daAuts
     D:2: 61 daAuts
